 Dungeon Crawl Stone Soup version 0.24-a0-170-gd8427f5 (webtiles) character file.

Game seed: 7382705648070735558

97 galech the Skirmisher (level 4, -3/35 HPs)
             Began as a Demonspawn Fighter on Mar 11, 2019.
             Splashed by Ijyb's acid (12 damage)
             ... on level 3 of the Dungeon.
             The game lasted 00:01:53 (1438 turns).

galech the Skirmisher (Demonspawn Fighter)          Turns: 1438, Time: 00:01:54

Health: -3/35      AC: 13    Str: 17    XL:     4   Next: 42%
Magic:  4/4        EV:  2    Int:  9    God:
Gold:   174        SH:  9    Dex: 13    Spells: 3/3 levels left

rFire    . . .     SeeInvis .   a - +0 war axe
rCold    . . .     Gourm    .   c - +0 shield
rNeg     . . .     Faith    .   i - +0 plate armour
rPois    .         Spirit   .   (helmet restricted)
rElec    .         Reflect  .   (no cloak)
rCorr    .         Harm     .   (no gloves)
MR       .....                  (no boots)
Stlth    ..........             (no amulet)
HPRegen  0.11/turn              (no ring)
MPRegen  0.09/turn              (no ring)

@: corroded, sanguine armour
A: horns 1, sanguine armour 1
a: no special abilities


You were on level 3 of the Dungeon.
You were not hungry.

You visited 1 branch of the dungeon, and saw 3 of its levels.

You collected 174 gold pieces.

Inventory:

Hand Weapons
 a - a +0 war axe (weapon)
Armour
 c - a +0 shield (worn)
 i - a +0 plate armour (worn)
Scrolls
 b - a scroll of enchant armour {unknown}
 e - 4 scrolls of remove curse {unknown}
 h - 6 scrolls of identify {unknown}
 j - a scroll of teleportation {unknown}
 m - a scroll of amnesia {unknown}
 n - 3 scrolls of immolation {unknown}
 o - a scroll of blinking {unknown}
 q - a scroll of magic mapping {unknown}
Potions
 d - a potion of might
 k - a potion of mutation {unknown}
 l - a potion of lignification {unknown}
 p - a potion of invisibility {unknown}
Comestibles
 f - 4 rations
 g - a chunk of flesh


   Skills:
 + Level 3.4 Fighting
 + Level 3.1 Axes
 + Level 3.1 Armour
 + Level 3.2 Shields


You had 3 spell levels left.
You didn't know any spells.
Your spell library was empty.

Dungeon Overview and Level Annotations

Branches:
Dungeon (3/15)

Altars:
Elyvilon

Annotations:
D:3 1 runed translucent door, Ijyb; Ratty's ghost, amateur DENe


Innate Abilities, Weirdness & Mutations

You have a pair of small horns on your head.
When seriously injured, your bleeding wounds create armour. (AC +6)


Message History

Some of the chunks of flesh in your inventory have rotted away.
You see here a +0 dagger.
A frilled lizard comes into view.
No target in view!
No target in view!
A bat comes into view.
The bat hits you but does no damage.
You completely miss the bat. The bat hits you but does no damage.
You block the bat's attack.
Ijyb the Twisted Goblin comes into view.
She is wielding a +0 club and carrying a wand of acid (6).
Ijyb shouts!
You hear a shout!
The bat hits you but does no damage. You block the bat's attack.
You closely miss the bat. You block the bat's attack.
The bat hits you but does no damage.
Ijyb zaps a wand.
The bolt of acid hits you. The acid corrodes you!
You are splashed with acid!
Your blood congeals into armour.
The bat hits you but does no damage.
Ijyb zaps a wand.
The bolt of acid hits you!
* * * LOW HITPOINT WARNING * * *
You are splashed with acid!
You die...

# .. ## #. ####.
#.#############....
#............##.##.
#. #.......##.###
#g####.#####.##.#
#.........##.##.#
#.@###.##.......#
#.b# #.#####.####
#..# #.. ...# #
##.. ..####### #
### ### # # # ###


You could see Ijyb and a bat.

Vanquished Creatures
  Terence (D:2)
  An adder (D:3)
  An ooze (D:2)
  A worm (D:2)
  3 dart slugs
  A leopard gecko (D:1)
  An orc (D:3)
  6 bats
  3 giant cockroaches
  7 goblins
  7 hobgoblins
  5 kobolds
  3 ball pythons
  A frilled lizard (D:2)
  4 rats
45 creatures vanquished.

Vanquished Creatures (others)
  A kobold (D:2)
1 creature vanquished.

Grand Total: 46 creatures vanquished

Notes
Turn   | Place    | Note
-------+----------+-------------------------------------------
     0 | D:1      | galech the Demonspawn Fighter began the quest for the Orb.
     0 | D:1      | Reached XP level 1. HP: 18/18 MP: 1/1
   103 | D:1      | Gained mutation: When seriously injured, your bleeding
                  | wounds create armour. (AC +6) [demonic ancestry]
   103 | D:1      | Reached XP level 2. HP: 22/24 MP: 2/2
   451 | D:2      | Reached XP level 3. HP: 29/29 MP: 3/3
   535 | D:2      | Found a white marble altar of Elyvilon.
   604 | D:2      | Noticed Terence
   615 | D:2      | Killed Terence
   820 | D:2      | Gained mutation: You have a pair of small horns on your
                  | head. [demonic ancestry]
   820 | D:2      | Reached XP level 4. HP: 35/35 MP: 4/4
  1025 | D:3      | Found a runed translucent door.
  1027 | D:3      | Noticed Ratty's ghost (amateur DENe)
  1437 | D:3      | Noticed Ijyb
  1438 | D:3      | Splashed by Ijyb's acid

Levels and vault maps discovered:
D:1:      dpeg_arrival_orchard, layout_rooms
D:2:      layout_basic, hangedman_glass_teeth, elyvilon_altar_4, uniq_terence
D:3:      layout_loops_cross, ebering_ghost_sewer_d, uniq_ijyb

Skill      XL: |  1  2  3  4 |
---------------+-------------+-----
Axes           | 2 3 |  3.1
Shields        | 3 |  3.2
Armour         | 3 |  3.1
Fighting       | |  3.4

Action                   |  1- 3 |  4- 6 || total
-------------------------+-------+-------++-------
Melee: War axe           |    93 |    50 ||   143
       Headbutt          |       |     5 ||     5
  Eat: Chunk             |       |     2 ||     2
Armor: Scale mail        |    10 |       ||    10
       Plate armour      |    61 |    45 ||   106
Dodge: Dodged            |     7 |     5 ||    12
Block: Shield            |    57 |    30 ||    87

Table legend:
 A = Non-vault XP
 B = Vault XP
 C = Vault XP percentage of total XP
 D = Non-vault monster count
 E = Vault monster count
 F = Vault count percentage of total count
                 A         B        C        D         E       F
            +---------+---------+-------+---------+---------+-------
      Total |     103 |      36 |  25.9 |      44 |       1 |   2.2
            +---------+---------+-------+---------+---------+-------
        D:1 |      37 |       0 |   0.0 |      19 |       0 |   0.0
        D:2 |      25 |      36 |  59.0 |       8 |       1 |  11.1
        D:3 |      41 |       0 |   0.0 |      17 |       0 |   0.0
            +---------+---------+-------+---------+---------+-------
